 Dungeon Crawl Stone Soup version 0.28-a0-1412-gf95308ed99 (webtiles) character file.

Game seed: 10203171351437849509

2285 gimp the Cudgeller (level 9, -10/68 HPs)
             Began as a Mummy Wanderer on Jan 6, 2022.
             Was an Initiate of Ru.
             Killed from afar by Maggie (27 damage)
             ... with a bolt of fire
             ... on level 7 of the Dungeon.
             The game lasted 00:15:50 (9560 turns).

gimp the Cudgeller (Mummy Wanderer)                 Turns: 9560, Time: 00:15:51

Health: -10/68     AC: 14    Str: 18    XL:     9   Next: 17%
Magic:  9/9        EV:  7    Int: 11    God:    Ru [......]
Gold:   227        SH: 12    Dex: 13    Spells: 8/8 levels left

rFire   x . .      SeeInvis .   a - +1 flail (freeze)
rCold   + . .      Faith    .   e - +2 buckler
rNeg    + + +      Spirit   .   s - +0 chain mail
rPois   ∞          Reflect  +   (no helmet)
rElec   .          Harm     .   r - +0 cloak
rCorr   .          Rampage  .   (no gloves)
Will    +....                   (no boots)
Stlth   ..........              q - amulet of reflection
HPRegen 0.21/turn               i - +4 ring of protection
MPRegen 0.11/turn               (no ring)

@: no status effects
A: cold resistance 1, negative energy resistance 3, torment resistance 2, heat
vulnerability 1, no potions
a: Renounce Religion


You were on level 7 of the Dungeon.
You worshipped Ru.
Ru was noncommittal.
You visited 1 branch of the dungeon, and saw 7 of its levels.

You collected 282 gold pieces.
You spent 55 gold pieces at shops.

Inventory:

Hand Weapons
 a - a +1 flail of freezing (weapon)
 b - a +4 dagger of venom
Missiles
 h - 34 poisoned darts (quivered)
Armour
 e - a +2 buckler (worn)
 o - a +0 ring mail
 r - a +0 cloak (worn)
 s - a +0 chain mail (worn)
Jewellery
 i - a +4 ring of protection (left hand)
 q - an amulet of reflection (around neck)
Scrolls
 c - 7 scrolls of teleportation
 f - a scroll of enchant armour
 j - a scroll of fog
 k - a scroll of magic mapping
 l - a scroll of vulnerability {unknown}
 m - a scroll of summoning {unknown}
 n - a scroll of holy word {unknown}
 x - a scroll of torment


   Skills:
 - Level 5.0 Fighting
 * Level 7.7 Maces & Flails
 + Level 4.8 Armour
 - Level 1.0 Dodging
 - Level 4.0 Shields
 - Level 1.0 Invocations
 - Level 1.0 Evocations


You had 8 spell levels left.
You didn't know any spells.
Your spell library contained the following spells:

 Spells                   Type           Power      Damage    Failure   Level
 Freeze                   Ice            0%         1d3       99%         1
 Magic Dart               Conj           0%         1d3       99%         1
 Searing Ray              Conj           0%         2d4       100%        2
 Frozen Ramparts          Ice            0%         1d2       100%        3
 Fulminant Prism          Conj/Hex       0%         3d6       100%        4
 Hailstorm                Conj/Ice       0%         3d3       100%        4
 Leda's Liquefaction      Hex/Erth       0%         N/A       100%        4
 Lee's Rapid Deconstruct  Erth           0%         3d5*      100%        5
 Statue Form              Tmut/Erth      Unusable   N/A       N/A         6

Dungeon Overview and Level Annotations

Branches:
Dungeon (7/15)             Temple (0/1) D:6

Altars:
Cheibriados
Gozag
Hepliaklqana
Nemelex Xobeh
Okawaru
Qazlal
Ru
Sif Muna
Uskayaw
Yredelemnul
Zin

Shops:
D:2 *   D:6 =

Annotations:
D:6 exclusion: 2 goblins
D:7 Maggie


Innate Abilities, Weirdness & Mutations

You are immune to poison.
Your flesh is cold resistant. (rC+)
You are immune to negative energy. (rN+++)
You are immune to unholy pain and torment.
You are vulnerable to heat. (rF-)
You do not drink.


Message History

a - a +1 flail of freezing (weapon)
Maggie hits you but does no damage.
You thump Maggie! You freeze Maggie.
Maggie is heavily wounded.
You block Maggie's attack.
You barely miss Maggie.
Maggie is heavily wounded.
You block Maggie's attack.
You closely miss Maggie.
Maggie is heavily wounded.
Maggie hits you but does no damage.
You hit Maggie. You freeze Maggie.
Maggie is severely wounded.
Maggie hits you with a +0 war axe of flaming!
Maggie burns you.
You take 15 damage, and have 41/68 hp.
MASSIVE DAMAGE!!
Your +1 flail of freezing stops glowing.
Your +4 dagger of venom begins to drip with poison!
b - a +4 dagger of venom (weapon)
You hit Maggie.
Maggie looks as sick as possible!
Maggie is severely wounded.
You block Maggie's attack.
Your +4 dagger of venom stops dripping with poison.
Your +1 flail of freezing glows with a cold blue light!
a - a +1 flail of freezing (weapon)
Maggie hits you but does no damage.
You hit Maggie. You freeze Maggie.
Maggie is almost dead.
Maggie hits you but does no damage.
You closely miss Maggie.
Maggie is almost dead.
Maggie points at you and mumbles some strange words.
The bolt of fire hits you!! The fire burns you terribly!
* * * LOW HITPOINT WARNING * * *
You take 25 damage, and have 17/68 hp.
MASSIVE DAMAGE!!
You closely miss Maggie.
Maggie is almost dead.
Maggie gestures at you while chanting. The bolt of fire hits you!!
The fire burns you terribly!
You die...

................#<######...
.#
.######.#.#####............#
.# .# #.#.# ##.######....#
.# #.#.# #.# ...### #.#.#
#.# ###. (.#.# #.# #. .##.#
#.# . .# #.# #@# #.....@#
##....=. #.#####.. #. .## .#
.# .#


You could see Maggie (very poisoned).

Vanquished Creatures
  Pikel (D:4)
  A steam dragon (D:6)
  A water moccasin (D:6)
  A sky beast (D:5)
  An ice beast (D:6)
  A hornet zombie (D:7)
  4 ogres (D:5)
  3 necrophages
  A black bear (D:5)
  A lemure (D:3)
  2 jellies (D:6)
  An orc priest (D:5)
  3 hounds
  2 gnoll shamans (D:7)
  Jessica (D:1)
  2 iguanas
  An orc wizard (D:4)
  A howler monkey skeleton (D:7)
  13 gnolls
  8 adders
  2 white imps (D:6)
  2 worms
  13 orcs
  4 ball pythons
  2 endoplasms
  4 giant cockroaches
  8 goblins
  11 hobgoblins
  3 jackals (D:1)
  4 quokkas
  7 bats
  6 frilled lizards
  9 kobolds
  6 rats
130 creatures vanquished.

Vanquished Creatures (others)
  4 toadstools (D:1)
4 creatures vanquished.

Grand Total: 134 creatures vanquished

Notes
Turn   | Place    | Note
-------+----------+-------------------------------------------
     0 | D:1      | gimp the Mummy Wanderer began the quest for the Orb.
     0 | D:1      | gimp set off with the following items: a +0 club, a scroll
                  | of fog, a scroll of teleportation, a +0 leather armour, a
                  | +2 buckler
     0 | D:1      | Reached XP level 1. HP: 18/18 MP: 1/1
   301 | D:1      | Reached XP level 2. HP: 18/24 MP: 2/2
   694 | D:1      | Found a faded altar of an unknown god.
   721 | D:1      | Prayed at the altar of an unknown god.
   721 | D:1      | Became a worshipper of Ru the Awakened
   829 | D:1      | Reached XP level 3. HP: 24/30 MP: 3/3
  2539 | D:2      | Reached XP level 4. HP: 36/38 MP: 4/4
  2566 | D:2      | Found an opulent altar of Gozag.
  2705 | D:2      | Noticed Jessica
  3383 | D:1      | Killed Jessica
  3510 | D:2      | Found Usiedikh's General Store.
  3519 | D:2      | Bought a scroll of magic mapping for 35 gold pieces
  3519 | D:2      | Bought a scroll of identify for 20 gold pieces
  3872 | D:3      | Reached skill level 5 in Fighting
  3881 | D:3      | Reached XP level 5. HP: 33/44 MP: 5/5
  3980 | D:3      | Found a hide-covered altar of Uskayaw.
  3980 | D:3      | Noticed a +0 short sword
  3981 | D:3      | Noticed a +0 spear
  3981 | D:3      | Noticed a +0 falchion
  3981 | D:3      | Noticed a +0 dagger
  3982 | D:3      | Noticed a +0 dagger
  3982 | D:3      | Noticed a +0 short sword
  3983 | D:3      | Noticed a +0 spear
  3983 | D:3      | Noticed a +0 falchion
  4584 | D:4      | Noticed a necrophage
  4634 | D:4      | Killed a necrophage
  4635 | D:4      | Reached skill level 2 in Maces & Flails
  4704 | D:4      | Noticed a lemure
  4706 | D:4      | Noticed a lemure
  4706 | D:4      | Noticed Pikel
  4785 | D:3      | Killed a lemure
  4985 | D:4      | Noticed a phantom
  5346 | D:4      | Reached XP level 6. HP: 51/51 MP: 6/6
  5393 | D:5      | Entered Level 5 of the Dungeon
  5661 | D:5      | Reached skill level 3 in Maces & Flails
  5844 | D:5      | Reached XP level 7. HP: 48/56 MP: 7/7
  5959 | D:5      | Reached skill level 4 in Maces & Flails
  6073 | D:5      | Found a basalt altar of Yredelemnul.
  6367 | D:5      | Found a sparkling altar of Nemelex Xobeh.
  6667 | D:5      | Reached skill level 5 in Maces & Flails
  6879 | D:5      | Reached XP level 8. HP: 54/62 MP: 8/8
  7137 | D:6      | Found an opulent altar of Gozag.
  7266 | D:6      | Found a snail-covered altar of Cheibriados.
  7374 | D:6      | Found Uxzorch's Jewellery Emporium.
  7496 | D:6      | Found an iron altar of Okawaru.
  7510 | D:6      | Reached skill level 6 in Maces & Flails
  8067 | D:6      | Found a staircase to the Ecumenical Temple.
  8667 | D:7      | Reached skill level 7 in Maces & Flails
  8711 | D:7      | Noticed Maggie
  8824 | D:4      | Killed Pikel
  8825 | D:4      | Reached XP level 9. HP: 48/68 MP: 9/9
  9010 | D:4      | Found a stormy altar of Qazlal.
  9160 | D:4      | Found a hazy altar of Hepliaklqana.
  9260 | D:4      | Found a shimmering blue altar of Sif Muna.
  9560 | D:7      | Killed from afar by Maggie

Illustrated notes

Levels and vault maps discovered:
D:1:      ldierk_water_garden, layout_rooms,
          shapermc_ecumenical_altar_mp_highgroup, grunt_decor_junction,
          minmay_heptomino_o4
D:2:      layout_loops_cross, basic_altar, serial_shops, nicolae_lakefront_shop,
          uniq_jessica
D:3:      layout_basic, nicolae_uskayaw_en_pointe
D:4:      layout_cave_pools, lemuel_tele_altar, lemuel_coloured_pillars_altar,
          kennysheep_orc_sif_temple, uniq_pikel
D:5:      layout_basic, nemelex_dance_club_becter, mainiacjoe_overflow_paths
D:6:      layout_gridville, kennysheep_mini_moat, cheibrodos_worm_habitat,
          kennysheep_okawaru_gauntlet, temple_hall, serial_shops,
          nicolae_inconvenience_store
D:7:      layout_loops_ring, mainiacjoe_overflow_six_doors_small,
          nicolae_overflow_crystal_walls, mainiacjoe_overflow_tiny_flanked,
          minmay_misc_feat_plants, supply_closet_lemuel, uniq_maggie

Skill      XL: |  1  2  3  4  5  6  7  8 |
---------------+-------------------------+-----
Fighting       | 4 5 |  5.0
Shields        | 3 4 |  4.0
Maces & Flails | 2 3 5 7 |  7.7
Armour         | 3 4 |  4.8
Dodging        | |  1.0
Invocations    | |  1.0
Evocations     | |  1.0

Action                   |  1- 3 |  4- 6 |  7- 9 || total
-------------------------+-------+-------+-------++-------
Melee: Club              |    23 |       |       ||    23
       Whip              |   153 |   287 |    40 ||   480
       Dagger            |       |    72 |   187 ||   259
       Flail             |       |       |    40 ||    40
Invok: Reject Sacrifices |     1 |       |       ||     1
Evoke: Wand              |       |       |     1 ||     1
  Use: Scroll            |       |     2 |     7 ||     9
Armor: Leather armour    |    37 |       |       ||    37
       Scale mail        |       |    65 |       ||    65
       Ring mail         |       |    60 |       ||    60
       Chain mail        |       |    17 |    78 ||    95
Dodge: Dodged            |    81 |   118 |    33 ||   232
Block: Buckler           |    64 |   157 |   128 ||   349

Table legend: (Time is in decaauts)
 A = Elapsed time spent in this place.
 B = Non-inter-level travel time spent in this place.
 C = Inter-level travel time spent in this place.
 D = Time resting spent in this place.
 E = Time spent auto-exploring this place.
 F = Levels seen in this place.
 G = Mean time per level.
                   A        B        C        D        E       F      G
               +--------+--------+--------+--------+--------+-----+--------+
         Total |   9644 |   9204 |    440 |   1515 |   5523 |   7 | 1377.7 |
       Dungeon |   9644 |   9204 |    440 |   1515 |   5523 |   7 | 1377.7 |
               +--------+--------+--------+--------+--------+-----+--------+

Top non-repeatable levels by time:
     D:1: 1910 daAuts
     D:3: 1822 daAuts
     D:5: 1732 daAuts
     D:2: 1488 daAuts
     D:6: 1211 daAuts
     D:4: 990 daAuts
     D:7: 488 daAuts
